 Dungeon Crawl Stone Soup version 0.27-a0-1188-g73eefd5def (webtiles) character file.

Game seed: 5013544697468778107

46 leviel the Chopper (level 3, 0/33 HPs)
             Began as a Hill Orc Monk on May 21, 2021.
             Slain by Grinder (3 damage)
             ... while paralysed by Grinder
             ... on level 3 of the Dungeon.
             The game lasted 00:02:20 (2490 turns).

leviel the Chopper (Hill Orc Monk)                  Turns: 2490, Time: 00:02:21

Health: 0/33       AC:  2    Str: 14    XL:     3   Next: 68%
Magic:  3/3        EV:  2    Int: 10    God:
Gold:   50         SH:  0    Dex: 13    Spells: 2/2 levels left

rFire    . . .     SeeInvis .   a - +0 hand axe
rCold    . . .     Faith    .   (no shield)
rNeg     . . .     Spirit   .   b - +0 robe
rPois    .         Reflect  .   (no helmet)
rElec    .         Harm     .   (no cloak)
rCorr    .         Rampage  .   (no gloves)
Will     .....                  (no boots)
Stlth    ++........             (no amulet)
HPRegen  0.11/turn              (no ring)
MPRegen  0.08/turn              (no ring)

@: paralysed
A: no striking features
a: no special abilities


You were on level 3 of the Dungeon.
You visited 1 branch of the dungeon, and saw 3 of its levels.

You collected 50 gold pieces.

Inventory:

Hand Weapons
 a - a +0 hand axe (weapon)
Armour
 b - a +0 robe (worn)
Scrolls
 c - 2 scrolls of identify {unknown}
 e - a scroll of fear {unknown}
 f - a scroll of fog {unknown}
 h - a scroll of noise {unknown}
Potions
 d - 3 potions of flight {unknown}
 g - 2 potions of curing {unknown}


   Skills:
 + Level 4.0 Fighting
 + Level 4.7 Axes
 * Level 1.2 Armour
 + Level 2.8 Dodging
 + Level 1.7 Stealth


You had 2 spell levels left.
You didn't know any spells.
Your spell library contained the following spells:

 Spells                   Type           Power      Damage    Failure   Level
 Animate Skeleton         Necr           0%         N/A       36%         1
 Apportation              Tloc           0%         N/A       36%         1
 Corona                   Hex            0%         N/A       36%         1
 Magic Dart               Conj           0%         1d3       36%         1
 Summon Small Mammal      Summ           0%         N/A       36%         1
 Blink                    Tloc           N/A        N/A       50%         2
 Call Imp                 Summ           0%         N/A       50%         2
 Slow                     Hex            0%         N/A       50%         2
 Confusing Touch          Hex            0%         N/A       75%         3
 Conjure Flame            Conj/Fire      0%         6-21      75%         3
 Gell's Gravitas          Tloc           0%         N/A       75%         3
 Mephitic Cloud           Conj/Pois/Air  0%         N/A       75%         3
 Petrify                  Tmut/Erth      0%         N/A       98%         4
 Metabolic Englaciation   Hex/Ice        0%         N/A       100%        5
 Yara's Violent Unravell  Hex/Tmut       0%         3d3       100%        5


Dungeon Overview and Level Annotations

Branches:
Dungeon (3/15)

Altars:

Shops:
D:2 *[

Annotations:
D:3 Grinder


Message History

You see here a +0 short sword.
You see here 21 stones.
Done exploring.
Done exploring.
Done exploring.
Done exploring.
Done exploring.
Done exploring.
Done exploring.
(D) Dungeon
Where to? (Enter - D:2, ? - help)
There is a stone staircase leading down here.
You climb downwards.
Found 15 arrows.
Found a stone staircase leading up and a stone staircase leading down.
There is a stone staircase leading up here.
h - a scroll labelled ICOMEAL ZAWAOC
Found a stone staircase leading down.
Grinder comes into view.
Grinder shouts!
You barely miss Grinder. Grinder hits you but does no damage.
You slash Grinder!
Grinder is lightly wounded.
Grinder hits you. Grinder gestures at you.
You suddenly lose the ability to move!
Grinder hits you!
You writhe in agony.
Grinder hits you.
You writhe in agony.
Grinder hits you.
You writhe in agony.
Grinder hits you.
* * * LOW HITPOINT WARNING * * *
You writhe in agony.
* * * LOW HITPOINT WARNING * * *
You can move again.
You see here a scroll labelled JIHIRHYM VIFAV.
Unknown command.
Grinder gestures at you.
You suddenly lose the ability to move!
Grinder hits you.
You die...

#. ##.# #...
####..###
#......>#
#.......#
##.....5@###
#..........#
#.....?..#.#
#........#.#
#........#.#
#.....####.#
.# #.
#.....# #.#
.##...
.....### #.#
......
###### #.#
###..#...


You could see Grinder.

Vanquished Creatures
  An adder (D:2)
  A worm (D:2)
  A dart slug (D:2)
  3 endoplasms
  A giant cockroach (D:1)
  4 goblins
  4 hobgoblins (D:1)
  A jackal (D:1)
  3 quokkas (D:1)
  A ball python (D:1)
  3 frilled lizards
  6 kobolds
29 creatures vanquished.

Notes
Turn   | Place    | Note
-------+----------+-------------------------------------------
     0 | D:1      | leviel the Hill Orc Monk began the quest for the Orb.
     0 | D:1      | Reached XP level 1. HP: 19/19 MP: 1/1
   268 | D:1      | Reached XP level 2. HP: 24/26 MP: 2/2
  1082 | D:1      | Reached skill level 1 in Armour
  1165 | D:1      | Found a faded altar of an unknown god.
  1420 | D:2      | Reached XP level 3. HP: 33/33 MP: 3/3
  1563 | D:2      | Found Irribi Ompaf's General Store.
  2124 | D:2      | Found Pirph's Antique Armour Shoppe.
  2476 | D:3      | Noticed Grinder
  2481 | D:3      | Paralysed by Grinder for 5 turns
  2488 | D:3      | Paralysed by Grinder for 3 turns
  2490 | D:3      | Slain by Grinder

Illustrated notes

Levels and vault maps discovered:
D:1:      heliophobic_arrival_glass_houses, layout_loops_ring,
          shapermc_ecumenical_altar_hornbeckon, minmay_unequal
D:2:      layout_loops_ring, serial_shops, shop, nicolae_shop_waterfront,
          minmay_misc_feat_plants, chequers_garden
D:3:      layout_loops_ring, grunt_ministairs_1, uniq_grinder

Skill      XL: |  1  2  3 |
---------------+----------+-----
Armour         | 1 |  1.2
Fighting       | 4 |  4.0
Axes           | |  4.7
Dodging        | |  2.8
Stealth        | |  1.7

Action                   || total
-------------------------++-------
Melee: Hand axe          ||    96
 Stab: Sleeping          ||     2
Armor: Robe              ||    11
Dodge: Dodged            ||    44

Table legend: (Time is in decaauts)
 A = Elapsed time spent in this place.
 B = Non-inter-level travel time spent in this place.
 C = Inter-level travel time spent in this place.
 D = Time resting spent in this place.
 E = Time spent auto-exploring this place.
 F = Levels seen in this place.
 G = Mean time per level.
                   A        B        C        D        E       F      G
               +--------+--------+--------+--------+--------+-----+--------+
         Total |   2507 |   2468 |     39 |      0 |   2247 |   3 |  835.7 |
       Dungeon |   2507 |   2468 |     39 |      0 |   2247 |   3 |  835.7 |
               +--------+--------+--------+--------+--------+-----+--------+

Top non-repeatable levels by time:
     D:1: 1326 daAuts
     D:2: 1138 daAuts
     D:3: 41 daAuts
